 Dungeon Crawl Stone Soup version 0.23-a0-644-gb60d84b (webtiles) character file.

4 Borgoz the Skirmisher (level 1, 0/18 (19) HPs)
             Began as a Ghoul Abyssal Knight on Jan 1, 2019.
             Was an Initiate of Lugonu.
             Slain by a kobold (2 damage)
             ... on level 1 of the Dungeon.
             The game lasted 00:00:35 (282 turns).

Borgoz the Skirmisher (Ghoul Abyssal Knight)         Turns: 282, Time: 00:00:35

HP:   0/18 (19)     AC:  3    Str: 15      XL:     1   Next: 70%
MP:   1/1           EV: 11    Int:  7      God:    Lugonu [......]
Gold: 22            SH:  0    Dex:  5 (8)  Spells: 0/0 levels left

rFire    . . .     SeeInvis .   a - +1 hand axe
rCold    + . .     Gourm    .   (no shield)
rNeg     + + +     Faith    .   b - +0 leather armour
rPois    ∞         Spirit   .   (no helmet)
rElec    .         Reflect  .   (no cloak)
rCorr    .         Harm     .   (no gloves)
MR       .....                  (no boots)
Stlth    +.........             (no amulet)
HPRegen  0.00/turn              (no ring)
MPRegen  0.07/turn              (no ring)

@: rotting
A: rotting body, claws 1, carnivore, cold resistance 1, negative energy
resistance 3, inhibited regeneration, torment resistance, unbreathing
a: Renounce Religion


You were on level 1 of the Dungeon.
You worshipped Lugonu.
Lugonu was noncommittal.
You were not hungry.

You visited 1 branch of the dungeon, and saw 1 of its levels.
You visited the Abyss 1 time.

You collected 22 gold pieces.

Inventory:

Hand Weapons
 a - a +1 hand axe (weapon)
Armour
 b - a +0 leather armour (worn)
Comestibles
 c - a ration


   Skills:
 + Level 3.4 Fighting
 + Level 1.8 Axes
 + Level 1.8 Armour
 + Level 1.0 Dodging
 - Level 2.0 Invocations


You couldn't memorise any spells.
You didn't know any spells.
Your spell library was empty.

Dungeon Overview and Level Annotations

Branches:
Dungeon (1/15)

Altars:


Innate Abilities, Weirdness & Mutations

Your body is rotting away.
You thrive on raw meat.
You are immune to poison.
You have sharp fingernails.
You are carnivorous and can eat meat at any time.
Your flesh is cold resistant. (rC+)
You are immune to negative energy. (rN+++)
You do not regenerate when monsters are visible.
You are immune to unholy pain and torment.
You can survive without breathing.


Message History

The kobold shouts!
You enter the shallow water.
Moving in this stuff is going to be slow.
Found 12 gold pieces.
Why would you want to do that?
You see here 8 gold pieces.
You now have 22 gold pieces (gained 8).
You hit the goblin.
The goblin is severely wounded.
The goblin barely misses you.
You closely miss the goblin.
The goblin is severely wounded.
The goblin hits you but does no damage.
You hit the goblin.
You kill the goblin!
Lugonu accepts your kill.
You hit the kobold.
The kobold is heavily wounded.
The kobold hits you.
You die...

...............# .#
.............?.##.#.##.
......................
#######..###..####...##.
.................#......
.........)...........#
≈≈≈≈≈≈≈≈≈≈≈≈≈≈≈≈.....#
≈≈≈≈≈≈≈≈≈≈≈≈≈≈≈≈K....###
≈≈≈≈≈≈≈≈≈≈≈≈≈≈≈≈@.......
#≈≈≈≈≈≈≈#+#'#≈≈≈.....###
##+###'##..>'≈≈≈........
#.......#...'≈≈≈.....###
#.#####.#'#'#≈≈≈......$
#...#...#≈≈≈≈.....####
#.<.'.⌠.+≈≈≈..⌠..##
#...'.⌠.+≈≈≈..⌠..#
#...#...#≈≈≈≈....#


You could see a kobold.

Vanquished Creatures
  A bat (D:1)
  A hobgoblin (D:1)
  2 goblins (D:1)
4 creatures vanquished.

Notes
Turn   | Place    | Note
-------+----------+-------------------------------------------
     0 | Abyss:1  | Borgoz the Ghoul Abyssal Knight began the quest for the
                  | Orb.
     0 | Abyss:1  | Reached XP level 1. HP: 19/19 MP: 1/1
     5 | Abyss:1  | Found a corrupted altar of Lugonu.
    26 | Abyss:1  | Noticed a quasit
    31 | D:1      | Escaped the Abyss
   248 | D:1      | Reached skill level 1 in Dodging
   282 | D:1      | Slain by a kobold

Vault maps used:
D:1:      dpeg_arrival_castle

Skill      XL: |  1 |
---------------+----+-----
Dodging        | 1 |  1.0
Fighting       | |  3.4
Axes           | |  1.8
Armour         | |  1.8
Invocations    | |  2.0

Action                   || total
-------------------------++-------
Melee: Hand axe          ||    21
Invok: Depart the Abyss  ||     1
Armor: Leather armour    ||    12
Dodge: Dodged            ||    21

Table legend:
 A = Non-vault XP
 B = Vault XP
 C = Vault XP percentage of total XP
 D = Non-vault monster count
 E = Vault monster count
 F = Vault count percentage of total count
                 A         B        C        D         E       F
            +---------+---------+-------+---------+---------+-------
      Total |       7 |       0 |   0.0 |       4 |       0 |   0.0
            +---------+---------+-------+---------+---------+-------
        D:1 |       7 |       0 |   0.0 |       4 |       0 |   0.0
            +---------+---------+-------+---------+---------+-------
